AoeStats
← Gnam

Scandinavia

510401102Analyzed
1v1 RM · 1d ago on Sep 30, 2026· 39m 22s· 2 players
Game mode
Random Map
Map size
Tiny (2 player)
Population
200
Speed
Normal
Resources
Standard
Victory
Conquest
Starting age
Dark Age
Ending age
Imperial Age
RankedLock teamsTeams togetherTeam positionsShared explorationLock speedFull tech treeHidden civsTurbo modeCheats
Victory
Defeat
🇪🇸 Italians · Spain
1073
+17
🇨🇿 Hindustanis · Czechia
1089
-17
Re5ac.aep
8:14 Loom
11:21 Feudal Age
12:19 Double-Bit Axe
12:17 Horse Collar
15:39 Castle Age
27:22 Bow Saw
27:23 Heavy Plow
31:18 Imperial Age
30:08 Treadmill Crane
31:12 Padded Archer Armor
32:00 Medium Warships
33:04 Chemistry
32:16 Masonry
32:27 Ballistics
33:25 Leather Archer Armor
33:25 Elite Cannon Galleon
35:25 Gold Mining
35:31 Stone Mining
36:06 Fletching
37:51 Wheelbarrow
37:02 Town Watch
39:06 Ring Archer Armor
Gnam
8:05 Loom
10:43 Feudal Age
14:21 Castle Age
18:09 Double-Bit Axe
19:19 Horse Collar
19:34 Stone Mining
24:56 Arson
25:34 Scale Mail Armor
28:41 Town Watch
29:32 Wheelbarrow
30:52 Bow Saw
33:57 Imperial Age
32:46 Grand Trunk Road
33:15 Gold Mining
34:23 Chain Mail Armor
34:18 Forging
35:52 Chemistry
35:38 Town Patrol
36:08 Siege Engineers
36:16 Masonry
Connection lost

Rejoining the realm…

Still unreachable

The connection could not be restored.

Session expired

The server has moved on; the page needs a fresh start.